 Dungeon Crawl Stone Soup version 0.29.1-15-g9cfb28693d (webtiles) character file.

Game seed: 3547365415949042926

7644 MisterFreud the Nimble (level 10, 0/51 HPs)
             Began as a Felid Berserker on Mar 9, 2023.
             Was an Elder of Trog.
             Slain by a wyvern (16 damage)
             ... on level 2 of the Lair of Beasts on Mar 21, 2023.
             The game lasted 00:18:31 (15810 turns).

MisterFreud the Nimble (Felid Berserker)           Turns: 15810, Time: 00:18:31

Health: 0/51       AC:  6    Str: 13    XL:     10   Next: 99%
Magic:  11/11      EV: 34    Int:  8    God:    Trog [****..]
Gold:   526        SH:  0    Dex: 27    Spells: 9/9 levels left
                                        Lives:  0   Deaths: 2

rFire   . . .      SeeInvis +     - Unarmed
rCold   . . .      Faith    .   (shield unavailable)
rNeg    . . .      Spirit   .   (body armour unavailable)
rPois   .          Reflect  .   (helmet unavailable)
rElec   .          Harm     .   (cloak unavailable)
rCorr   .          Rampage  .   (gloves unavailable)
Will    +....                   (boots unavailable)
Stlth   +++++.....              (no amulet)
HPRegen 0.17/turn               b - +4 ring of protection
MPRegen 0.12/turn               t - +6 ring of dexterity

@: lethally poisoned (0 -> -8), quick
A: very small, claws 1, fangs 3, see invisible, speed 1, shaggy fur 2, stealthy
paws, no weapons or thrown items, no armour, multi-lived
a: Renounce Religion, Berserk, Trog's Hand, Brothers in Arms


You were on level 2 of the Lair of Beasts.
You worshipped Trog.
Trog was greatly pleased with you.
You visited 2 branches of the dungeon, and saw 13 of its levels.

You collected 736 gold pieces.
You spent 210 gold pieces at shops.

Inventory:

Jewellery
 b - a +4 ring of protection (left paw)
 e - a ring of fire
 n - an amulet of faith
 r - an amulet of magic regeneration
 t - a +6 ring of dexterity (right paw)
 x - a ring of ice
Wands
 l - a wand of quicksilver (17)
 m - a wand of roots (5)
 u - a wand of polymorph (12)
 v - a wand of flame (8)
 y - a wand of mindburst (21)
Scrolls
 a - 4 scrolls of teleportation
 c - a scroll of summoning
 o - 3 scrolls of blinking
 z - a scroll of magic mapping
Potions
 d - 6 potions of haste
 f - 5 potions of resistance
 g - 2 potions of ambrosia
 h - 4 potions of heal wounds
 i - a potion of lignification
 j - 4 potions of might
 k - 6 potions of curing
 p - 2 potions of invisibility
 q - 2 potions of flight
 s - 5 potions of mutation
 w - a potion of brilliance
 B - a potion of magic {unknown}


   Skills:
 - Level 10.0 Fighting
 - Level 14.0 Dodging
 - Level 10.0 Stealth
 + Level 13.5 Unarmed Combat
 - Level 6.0 Evocations


You had 9 spell levels left.
You didn't know any spells.
Your spell library was empty.

Dungeon Overview and Level Annotations

Branches:
Dungeon (11/15)            Temple (0/1) D:5            Lair (2/5) D:9
  Snake (0/4) Lair:2          Orc (0/2) D:11
  Swamp: Lair:2-3    Shoals: Lair:2-3

Altars:
Okawaru
Ru
Xom
Zin

Shops:
D:3 =   D:5 ?([

Annotations:
D:11 4 runed translucent doors
Lair:2 Gastronok


Innate Abilities, Weirdness & Mutations

You have sharp claws.
You have razor-sharp teeth.
You have supernaturally acute eyesight. (SInv)
You cover ground quickly. (Speed+)
You are covered in thick fur. (AC +2)
Your paws help you pounce on unaware monsters.
You are incapable of wielding weapons or throwing items.
You cannot wear armour.
You gain extra lives every three experience levels.


Message History

You start resting.
HP restored.
You climb downwards.
Level annotation: Gastronok
There is a stone staircase leading up here.
Found a sling.
Found a stone staircase leading down.
A black mamba comes into view.
Found a potion of heal wounds.
A black mamba is nearby!
Found 19 gold pieces.
A yak comes into view.
Found a spear.
A wyvern comes into view.
The black mamba hisses angrily.
The black mamba completely misses you.
You claw the black mamba!
The black mamba is moderately wounded.
The black mamba bites you. The black mamba misses you.
You completely miss the black mamba.
The black mamba is moderately wounded.
The black mamba bites you but does no damage.
You scratch the black mamba.
The black mamba is moderately wounded.
The black mamba bites you!
You are poisoned.
The black mamba poisons you!
You mangle the black mamba!! You claw the black mamba!
You kill the black mamba!
Trog accepts your kill.
You feel very sick.
The wyvern hisses angrily.
You feel very sick.
You are too injured to fight recklessly!
You feel very sick.
You feel very sick. The wyvern attacks as you move away!
The wyvern completely misses you.
You feel sick.
You feel sick. The wyvern bites you!
You die...

..## .......#P...# ...
... #....##..#)###...
..#######....##..#..#....
.........................
..............$...$......
.........................
.........................
###.#...##......l........
##.#..#.##...###@##.##...
#.......##...# #.# ... .
....)...P#...# ... P#..
........##......... .. ..
#>......##...#...... .. .
#.......#P..!##.....##..
##.#.###. ##...## ##+#.#
.. ####. .


You could see a wyvern.

Vanquished Creatures
  3 hydras
  The ghost of Ceigo the Cleaver, a novice DgFi (D:10)
  Erica (D:8)
  A two-headed ogre (D:10)
  A skeletal warrior (D:11)
  A wolf spider (Lair:1)
  A cyclops (D:11)
  2 manticores (D:11)
  Maurice (D:9)
  4 black mambas
  Joseph (Lair:1)
  2 cane toads (Lair:1)
  Maggie (D:8)
  A komodo dragon (Lair:1)
  A kobold demonologist (D:11)
  A polar bear (Lair:1)
  2 trolls
  Prince Ribbit (D:8)
  Sigmund (D:3)
  2 shadows (D:11)
  2 wraiths (D:10)
  13 yaks
  A wyvern (Lair:1)
  Eustachio (D:5)
  Grum (Lair:1)
  2 acid dragons (D:11)
  6 water moccasins
  3 nagas (Lair:2)
  Duvessa (D:7)
  4 orc warriors
  4 ice beasts
  3 black bears (D:9)
  19 wolves (Lair:1)
  2 centaurs
  3 kobold brigands
  A phantom (D:5)
  13 bullfrogs
  A necrophage (D:5)
  4 gnoll sergeants (D:9)
  4 scorpions (D:6)
  10 wights
  Dowan (D:7)
  11 killer bees
  A howler monkey (D:5)
  2 jellies
  11 hounds
  5 orc priests
  Crazy Yiuf (D:2)
  Ijyb (D:5)
  Jessica (D:3)
  2 iguanas
  7 orc wizards
  Natasha (thrice) (D:3)
  15 gnolls
  8 adders
  A shadow imp (D:7)
  2 white imps
  2 dart slugs
  26 orcs
  5 endoplasms
  3 giant cockroaches
  6 goblins
  9 hobgoblins
  12 jackals
  4 quokkas
  10 ball pythons
  5 bats
  3 frilled lizards
  20 kobolds
  2 rats
306 creatures vanquished.

Vanquished Creatures (collateral kills)
  A boulder beetle (D:11)
1 creature vanquished.

Vanquished Creatures (others)
  37 fungi
  46 plants
83 creatures vanquished.

Grand Total: 390 creatures vanquished

Notes
Turn   | Place    | Note
-------+----------+-------------------------------------------
     0 | D:1      | MisterFreud the Felid Berserker began the quest for the
                  | Orb.
     0 | D:1      | Reached XP level 1. HP: 10/10 MP: 2/2
   115 | D:1      | Reached skill level 1 in Stealth
   195 | D:1      | Reached XP level 2. HP: 13/14 MP: 3/3
   885 | D:1      | Reached XP level 3. HP: 17/17 MP: 4/4
   896 | D:1      | Reached ** piety under Trog
  1104 | D:2      | Found a faded altar of an unknown god.
  1154 | D:2      | Found a runed translucent door.
  1155 | D:2      | Noticed Crazy Yiuf
  1210 | D:2      | Reached XP level 4. HP: 13/21 MP: 5/5
  1896 | D:2      | Killed Crazy Yiuf
  2230 | D:3      | Reached XP level 5. HP: 24/24 MP: 6/6
  2393 | D:3      | Reached skill level 5 in Stealth
  2416 | D:3      | Noticed Natasha
  2419 | D:3      | Killed Natasha
  2427 | D:3      | Found Ziucawn's Jewellery Shop.
  2498 | D:3      | Reached skill level 5 in Unarmed Combat
  2591 | D:3      | Noticed Jessica
  2597 | D:3      | Killed Jessica
  2649 | D:3      | Noticed Sigmund
  2656 | D:3      | Killed Sigmund
  2657 | D:3      | Gained mutation: You are covered in thick fur. (AC +2)
                  | [Felid growth]
  2657 | D:3      | Reached XP level 6. HP: 28/28 MP: 7/7
  2789 | D:3      | Noticed Natasha
  2801 | D:3      | Killed Natasha
  3006 | D:3      | Noticed Natasha
  3025 | D:3      | Killed Natasha
  3026 | D:3      | Reached skill level 5 in Dodging
  3586 | D:4      | Reached XP level 7. HP: 31/31 MP: 8/8
  3926 | D:4      | Found a sacrificial altar of Ru.
  4008 | D:4      | Reached skill level 6 in Dodging
  4065 | D:4      | Found a faded altar of an unknown god.
  4065 | D:4      | Found a glowing silver altar of Zin.
  4072 | D:4      | Found an iron altar of Okawaru.
  4074 | D:4      | Found a shimmering altar of Xom.
  4076 | D:4      | Found a faded altar of an unknown god.
  4172 | D:5      | Entered Level 5 of the Dungeon
  4348 | D:4      | Reached skill level 7 in Dodging
  4530 | D:5      | Found Zyeheif's Magic Scroll Boutique.
  4530 | D:5      | You fall into a shaft and drop 2 floors!
  4558 | D:7      | Reached *** piety under Trog
  4696 | D:7      | Reached skill level 8 in Dodging
  4779 | D:7      | Noticed Dowan
  4783 | D:7      | Noticed Duvessa
  4794 | D:7      | Killed Duvessa
  4795 | D:7      | Reached skill level 9 in Dodging
  4844 | D:7      | Killed Dowan
  4845 | D:7      | Reached XP level 8. HP: 34/34 MP: 9/9
  5053 | D:6      | Reached skill level 10 in Dodging
  5243 | D:6      | Reached skill level 1 in Evocations
  5610 | D:5      | Bought a scroll of blinking for 105 gold pieces
  5610 | D:5      | Bought a scroll of blinking for 105 gold pieces
  5633 | D:5      | Found a staircase to the Ecumenical Temple.
  5845 | D:5      | Noticed Eustachio
  5867 | D:5      | Killed Eustachio
  5962 | D:5      | Found Veemn's Armour Boutique.
  6246 | D:5      | Reached skill level 5 in Fighting
  6369 | D:5      | Found Paopluoh's Weapon Emporium.
  6488 | D:5      | Noticed Ijyb
  6496 | D:5      | Killed Ijyb
  7132 | D:6      | Reached XP level 9. HP: 40/40 MP: 10/10
  7238 | D:6      | Reached skill level 5 in Evocations
  7902 | D:8      | Noticed Prince Ribbit
  8032 | D:8      | Killed Prince Ribbit
  8495 | D:8      | Noticed Maggie
  8515 | D:8      | Killed Maggie
  8630 | D:8      | Noticed Erica
  8638 | D:8      | Killed Erica
  8639 | D:8      | Reached skill level 11 in Dodging
  8717 | D:8      | Identified the +2 ring mail "Liytis" {Str+4 Dex+4}
  9252 | D:8      | Reached XP level 10. HP: 41/43 MP: 11/11
  9825 | D:9      | Found a staircase to the Lair.
  9861 | D:9      | Reached skill level 12 in Dodging
  9869 | D:10     | Entered Level 10 of the Dungeon
  9869 | D:10     | Noticed a two-headed ogre
 10161 | D:10     | Reached skill level 10 in Stealth
 10176 | D:9      | Reached **** piety under Trog
 10797 | D:9      | Identified the +2 helmet of Kiasati {Contam rC+ Slay+3}
 10888 | D:9      | Reached skill level 10 in Unarmed Combat
 11018 | D:9      | Reached XP level 11. HP: 20/50 MP: 12/12
 11283 | D:9      | Noticed Maurice
 11289 | D:9      | Killed Maurice
 11597 | D:10     | Noticed a two-headed ogre
 11661 | D:10     | Found a runed translucent door.
 11867 | D:10     | Killed a two-headed ogre
 12111 | D:10     | Noticed Ceigo's ghost (novice DgFi)
 12223 | D:10     | Killed Ceigo's ghost
 12576 | D:11     | Noticed a four-headed hydra
 12582 | D:11     | Killed a four-headed hydra
 12583 | D:11     | Reached skill level 10 in Fighting
 12727 | D:11     | Noticed an eight-headed hydra
 12732 | D:11     | Found a large runed translucent door.
 12738 | D:11     | Killed an eight-headed hydra
 12739 | D:11     | Found a large runed translucent door.
 12978 | D:11     | Found a large runed translucent door.
 12980 | D:11     | Found a large runed translucent door.
 13128 | D:11     | Reached skill level 13 in Dodging
 13137 | D:11     | Noticed a boulder beetle
 13139 | D:11     | Noticed a skeletal warrior
 13163 | D:11     | Killed a skeletal warrior
 13164 | D:11     | Reached skill level 14 in Dodging
 13169 | D:11     | Killed a boulder beetle
 13260 | D:11     | Noticed a deep elf pyromancer
 13294 | D:11     | Killed from afar by a deep elf pyromancer
 13295 | D:11     | Reached XP level 10. HP: -7/51 MP: 11/11
 13620 | D:11     | Found a staircase to the Orcish Mines.
 13633 | D:11     | Reached XP level 11. HP: 54/54 MP: 12/12
 13945 | Lair:1   | Entered Level 1 of the Lair of Beasts
 14122 | Lair:1   | Noticed Grum
 14148 | Lair:1   | Killed Grum
 14377 | Lair:1   | Noticed a seven-headed hydra
 14385 | Lair:1   | Killed a seven-headed hydra
 14459 | Lair:1   | Noticed Joseph
 14477 | Lair:1   | Killed Joseph
 14732 | Lair:1   | Noticed a wolf spider
 14749 | Lair:1   | Killed a wolf spider
 15266 | Lair:1   | Succumbed to a black mamba's poison
 15267 | Lair:1   | Reached XP level 10. HP: -1/51 MP: 11/11
 15275 | Lair:1   | Killed a black mamba
 15577 | Lair:2   | Noticed a black mamba
 15591 | Lair:2   | Killed a black mamba
 15674 | Lair:2   | Found a staircase to the Snake Pit.
 15675 | Lair:2   | Noticed Gastronok
 15795 | Lair:2   | Noticed a black mamba
 15805 | Lair:2   | Killed a black mamba
 15810 | Lair:2   | Slain by a wyvern

Illustrated notes

Levels and vault maps discovered:
D:1:      psy_arrival_dodecagon, layout_loops_corners
D:2:      layout_basic, shapermc_ecumenical_altar_rom_forum,
          uniq_crazy_yiuf_cottage
D:3:      layout_basic, serial_shops, shop, kennysheep_generic_room_12,
          uniq_natasha, uniq_sigmund, uniq_jessica
D:4:      layout_basic, chequers_temple_overflow_minitemple,
          mainiacjoe_overflow_alcove_2, kennysheep_decorative_pillar
D:5:      layout_cave_pods, minmay_temple_entry_overgrown, serial_shops, shop,
          nicolae_shop_bloodbath_and_beyond, kennysheep_little_box,
          kennysheep_generic_room_14, uniq_eustachio, uniq_ijyb
D:6:      layout_basic
D:7:      layout_basic, uniq_duvessa
D:8:      layout_basic, kennysheep_generic_room_15, uniq_erica, uniq_maggie,
          uniq_prince_ribbit1
D:9:      layout_cave_pools, due_lair_maze_entry_diamond, serial_gnoll_camp,
          gnoll_camp_mini_basic, gnoll_camp_mini_basic,
          gnoll_camp_mini_doghouse, gnoll_camp_mini_basic,
          gnoll_camp_mini_house, st_stairs_7, uniq_maurice
D:10:     layout_small_grid, gammafunk_ghost_grave, kennysheep_generic_room_3
D:11:     layout_loops_corners, minmay_orc_entry_temple_small,
          minmay_hollow_rounded_squares
Lair:1:   layout_gridlike, nicolae_lair_run_with_the_wolves, uniq_grum,
          uniq_joseph
Lair:2:   layout_regular_city, palyth_hydra_swamp_entry,
          minmay_snake_entry_guardpost_small, uniq_sonja, uniq_gastronok

Skill      XL: |  1  2  3  4  5  6  7  8  9 10 11 |
---------------+----------------------------------+-----
Stealth        | 1 2 3 4 6 8 10 | 10.0
Unarmed Combat | 4 6 7 11 13 | 13.5
Dodging        | 5 9 10 11 12 14 | 14.0
Evocations     | 4 6 |  6.0
Fighting       | 5 6 7 10 | 10.0

Action                   |  1- 3 |  4- 6 |  7- 9 | 10-12 || total
-------------------------+-------+-------+-------+-------++-------
Melee: Unarmed           |   121 |   110 |   315 |   630 ||  1176
       Bite              |     9 |    14 |    36 |    92 ||   151
       Punch             |     3 |     3 |    12 |    63 ||    81
Invok: Berserk           |     1 |     1 |    10 |    12 ||    24
       Trog's Hand       |       |       |     3 |    11 ||    14
       Brothers in Arms  |       |       |       |     1 ||     1
Evoke: Wand              |       |       |     1 |     2 ||     3
  Use: Scroll            |     3 |     3 |    10 |     8 ||    24
       Potion            |       |       |     1 |     2 ||     3
 Stab: Sleeping          |     5 |    11 |     8 |    16 ||    40
       Distracted        |       |       |       |     4 ||     4
Armor: Skin              |    22 |    10 |    35 |    38 ||   105
Dodge: Dodged            |    87 |    62 |   311 |   709 ||  1169
